AoeStats
← 缘消影散

Arabia

508143932Analyzed
1v1 RM · 13d ago on Sep 21, 2026· 28m 26s· 2 players
Game mode
Random Map
Map size
Tiny (2 player)
Population
200
Speed
Normal
Resources
Standard
Victory
Conquest
Starting age
Dark Age
Ending age
Imperial Age
RankedLock teamsTeams togetherTeam positionsShared explorationLock speedFull tech treeHidden civsTurbo modeCheats
Victory
Defeat
🇦🇷 Bulgarians · Argentina
1015
+16
🇭🇰 Wei · Hong Kong SAR China
1014
-16
缘消影散
1:58 Loom
11:39 Feudal Age
12:10 Double-Bit Axe
21:08 Castle Age
27:03 Bloodlines
28:08 Bow Saw
魔法少年賈K
7:17 Loom
7:20 Loom
9:51 Feudal Age
11:22 Arson
13:59 Forging
22:11 Castle Age
22:54 Bloodlines
23:40 Scale Barding Armor
25:08 Chain Barding Armor
27:45 Fletching
Connection lost

Rejoining the realm…

Still unreachable

The connection could not be restored.

Session expired

The server has moved on; the page needs a fresh start.